 Dungeon Sprint DCSS version 0.27-a0-1228-gfd60fd639a (webtiles) character file.

Game seed: 8436705400328079668

1255 mhtbhm the Martial Artist (level 8, -3/74 HPs)
             Began as a Merfolk Transmuter on June 7, 2021.
             Slain by Sonja
             ... wielding a +1 dagger of distortion
              (4 damage)
             ... in the Dungeon (Sprint I: "Red Sonja").
             The game lasted 00:01:41 (1175 turns).

mhtbhm the Martial Artist (Merfolk Transmuter)      Turns: 1175, Time: 00:01:42

Health: -3/74      AC:  7    Str: 12    XL:     8   Next: 51%
Magic:  16/19      EV: 10    Int: 13    God:
Gold:   411        SH:  0    Dex: 14    Spells: 7/22 levels left

rFire    . . .     SeeInvis .     - Unarmed
rCold    . . .     Faith    .   (shield currently unavailable)
rNeg     . . .     Spirit   .   (armour currently unavailable)
rPois    +         Reflect  .   (helmet currently unavailable)
rElec    .         Harm     .   (cloak currently unavailable)
rCorr    .         Rampage  .   (gloves currently unavailable)
Will     .....     NoTele   +   (boots currently unavailable)
Stlth    +++.......             (no amulet)
HPRegen  0.22/turn              (no ring)
MPRegen  0.16/turn              (no ring)

@: hydra-form (expiring)
A: fast swimmer, devour, boosted hp, very large, (nimble swimmer 2), (mertail)
a: End Transformation


You were in the Dungeon.
You were a three-headed hydra.
You visited 1 branch You collected 411 gold pieces.

Inventory:

Armour
 a - a +0 robe (melded)
 b - a +2 pair of boots (melded)
Scrolls
 h - a scroll of blinking
Potions
 c - a potion of curing
 d - 2 potions of heal wounds
 e - a potion of haste
 f - 3 potions of magic


   Skills:
 + Level 2.3 Fighting
 + Level 7.8 Dodging
 + Level 5.7 Stealth
 + Level 12.6 Unarmed Combat
 + Level 7.9 Spellcasting
 + Level 11.1 Transmutations
 + Level 2.5 Poison Magic


You had 7 spell levels left.
You knew the following spells:

 Your Spells              Type           Power      Damage    Failure   Level
a - Beastly Appendage     Tmut           68%        N/A       1%          1
b - Wereblood             Tmut           34%        N/A       1%          2
c - Spider Form           Tmut/Pois      11%        N/A       2%          3
d - Ice Form              Ice/Tmut       19%        N/A       14%         4
e - Hydra Form            Tmut           17%        N/A       4%          5

Your spell library contained the following spells:

 Spells                   Type           Power      Damage    Failure   Level


Dungeon Overview and Level Annotations

Branches:
Dungeon (1/1)

Altars:
Cheibriados
Dithmenos
Elyvilon
Fedhas
Gozag
Hepliaklqana
Kikubaaqudgha
Makhleb
Nemelex Xobeh
Okawaru
Qazlal
Ru
Sif Muna
Trog
Uskayaw
Vehumet
Wu Jian
Xom
Yredelemnul
Zin
The Shining One
Jiyva
Lugonu

Shops:
D :

Annotations:
D Sonja


Innate Abilities, Weirdness & Mutations

You are a three-headed hydra.
You swim very quickly.
You can devour living enemies to heal.
Your maximum health is greatly increased.
Your armour is entirely melded.
You are incapable of wielding weapons or throwing items.
((You are quick and stealthy near water. (Stealth+, EV+, Speed+++)))
((Your lower body shifts to a powerful aquatic tail in water.))


Message History

a +1 dagger of protection; a +0 robe
There is an open door here.
You roar as the wereblood boils in your veins!
There is an open door here.
There is an open door here.
There is an open door here.
There is an ornate altar of the Wu Jian Council here.
Your primal bloodlust is almost over.
You open the door.
Sonja, the Graceful Assassin comes into view.
She is wielding a +1 dagger of distortion, quivering curare-tipped darts and carrying a wand of iceblast (11).
Found 108 gold pieces.
Sonja shouts!
Sonja casts a spell.
Sonja blinks!
There is an open door here.
Sonja zaps a wand.
The mass of ice explodes!
The iceblast engulfs you!
Sonja shouts, "Too slow!"
Sonja zaps a wand.
The mass of ice explodes!
The iceblast engulfs you.
You roar as the wereblood boils in your veins!
Sonja zaps a wand.
The mass of ice explodes!
The iceblast engulfs you!
Your primal bloodlust has ended.
Sonja zaps a wand.
The mass of ice explodes!
The iceblast engulfs you!
You close the door.
You start resting.
Sonja, the Graceful Assassin opens the door.
She is wielding a +1 dagger of distortion, quivering curare-tipped darts and carrying a wand of iceblast (7).
Unknown command.
Your transformation is almost over.
Sonja barely misses you.
Sonja hits you with a +1 dagger of distortion.
Space bends around you. Sonja barely misses you. x2
Sonja hits you with a +1 dagger of distortion.
Space bends around you.
Sonja hits you with a +1 dagger of distortion.
Space warps horribly around you!!
* * * LOW HITPOINT WARNING * * *
There is an open door here.
You miss Sonja. Sonja hits you but does no damage. Space bends around you.
* * * LOW HITPOINT WARNING * * *
Sonja hits you but does no damage. Space bends around you.
You die...

#<.#..').#.)'..#__#..'.).#
#..)..#..'..#..'..'..#)..#
#..#####'#####'#__####...+
#..####..#...#.#### #####
#..#__####..##.#
#..#_____##'#_.+
#⌠⌠#_.∩...'..._#
####_..__##_K#'#
#_____###D#.#
#########.### +$.$+ #$.$#
##.## #+#


You could see Sonja.

Vanquished Creatures
  2 kobold demonologists (D)
  A slime creature (D)
  Sigmund (D)
  A yak (D)
  A floating eye (D)
  An ogre (D)
  A jelly (D)
  Ijyb (D)
9 creatures vanquished.

Vanquished Creatures (others)
  A gargoyle (D)
1 creature vanquished.

Grand Total: 10 creatures vanquished

Notes
Turn   | Place    | Note
-------+----------+-------------------------------------------
     0 | D        | mhtbhm the Merfolk Transmuter began the quest for the Orb.
     0 | D        | Reached XP level 1. HP: 15/15 MP: 3/3
     3 | D        | Noticed Ijyb
    16 | D        | Killed Ijyb
    17 | D        | Reached skill level 5 in Unarmed Combat
    17 | D        | Reached XP level 2. HP: 19/21 MP: 2/5
    17 | D        | Reached XP level 3. HP: 24/26 MP: 2/7
   128 | D        | Learned a level 2 spell: Wereblood
   132 | D        | Learned a level 3 spell: Spider Form
   238 | D        | Killed a gargoyle
   347 | D        | Noticed an ogre
   356 | D        | Killed an ogre
   357 | D        | Reached skill level 5 in Dodging
   357 | D        | Reached skill level 7 in Unarmed Combat
   357 | D        | Reached skill level 5 in Transmutations
   357 | D        | Reached XP level 4. HP: 32/32 MP: 3/9
   547 | D        | Learned a level 4 spell: Ice Form
   676 | D        | Noticed Sigmund
   683 | D        | Killed Sigmund
   684 | D        | Reached skill level 9 in Unarmed Combat
   684 | D        | Reached skill level 5 in Spellcasting
   684 | D        | Reached skill level 1 in Poison Magic
   684 | D        | Reached XP level 5. HP: 32/37 MP: 5/12
   684 | D        | Reached XP level 6. HP: 38/43 MP: 5/13
   744 | D        | Learned a level 5 spell: Hydra Form
   785 | D        | Found an ornate altar of the Wu Jian Council.
   785 | D        | Found a shimmering blue altar of Sif Muna.
   787 | D        | Found a radiant altar of Vehumet.
   795 | D        | Reached skill level 10 in Unarmed Combat
   797 | D        | Found Coezais's Book Emporium.
   797 | D        | Found an ancient bone altar of Kikubaaqudgha.
   797 | D        | Found a hazy altar of Hepliaklqana.
   797 | D        | Found a stormy altar of Qazlal.
   797 | D        | Found a hide-covered altar of Uskayaw.
   797 | D        | Found a blossoming altar of Fedhas.
   797 | D        | Found a bloodstained altar of Trog.
   797 | D        | Found an iron altar of Okawaru.
   797 | D        | Found a basalt altar of Yredelemnul.
   797 | D        | Found a glowing golden altar of the Shining One.
   797 | D        | Found a snail-covered altar of Cheibriados.
   797 | D        | Found a sacrificial altar of Ru.
   797 | D        | Found a glowing silver altar of Zin.
   797 | D        | Found a shadowy altar of Dithmenos.
   797 | D        | Found a white marble altar of Elyvilon.
   797 | D        | Noticed a yak
   798 | D        | Found an opulent altar of Gozag.
   802 | D        | Killed a yak
   803 | D        | Reached skill level 11 in Unarmed Combat
   803 | D        | Reached XP level 7. HP: 49/49 MP: 8/15
   803 | D        | Found a sparkling altar of Nemelex Xobeh.
   891 | D        | Found a burning altar of Makhleb.
   891 | D        | Found a viscous altar of Jiyva.
   891 | D        | Found a shimmering altar of Xom.
   891 | D        | Found a corrupted altar of Lugonu.
   891 | D        | Noticed a slime creature
   900 | D        | Killed a slime creature
  1138 | D        | Noticed a kobold demonologist
  1139 | D        | Noticed a kobold demonologist
  1142 | D        | Reached skill level 10 in Transmutations
  1145 | D        | Noticed a sixfirhy
  1145 | D        | Killed a kobold demonologist
  1146 | D        | Reached skill level 5 in Stealth
  1146 | D        | Reached skill level 12 in Unarmed Combat
  1146 | D        | Reached XP level 8. HP: 56/56 MP: 11/19
  1147 | D        | Killed a kobold demonologist
  1167 | D        | Noticed Sonja
  1175 | D        | HP: 1/74 [Sonja/+1 dagger of distortion (4)]
  1175 | D        | Slain by Sonja

Illustrated notes

Levels and vault maps discovered:
D:        dungeon_sprint_1 [red_sonja_temple_1, red_sonja_temple_small_1]

Skill      XL: |  1  2  3  4  5  6  7  8 |
---------------+-------------------------+-----
Dodging        | 3 5 6 7 |  7.8
Unarmed Combat | 5 7 9 11 12 | 12.6
Transmutations | 3 5 7 8 10 11 | 11.1
Spellcasting   | 3 5 7 |  7.9
Stealth        | 2 3 5 |  5.7
Poison Magic   | 1 2 |  2.5
Fighting       | 2 |  2.3

Action                   |  1- 3 |  4- 6 |  7- 9 || total
-------------------------+-------+-------+-------++-------
Melee: Unarmed           |    17 |    11 |    15 ||    43
       Headbutt          |     1 |       |       ||     1
 Cast: Beastly Appendage |     1 |       |       ||     1
       Wereblood         |     2 |     2 |     1 ||     5
       Spider Form       |     1 |     1 |       ||     2
       Hydra Form        |       |     1 |     2 ||     3
  Use: Potion            |     1 |       |       ||     1
 Stab: Sleeping          |       |     1 |     2 ||     3
Armor: Skin              |       |       |     7 ||     7
Dodge: Dodged            |     7 |     5 |     8 ||    20

Table legend: (Time is in decaauts)
 A = Elapsed time spent in this place.
 B = Non-inter-level travel time spent in this place.
 C = Inter-level travel time spent in this place.
 D = Time resting spent in this place.
 E = Time spent auto-exploring this place.
 F = Levels seen in this place.
 G = Mean time per level.
                   A        B        C        D        E       F      G
               +--------+--------+--------+--------+--------+-----+--------+
         Total |   1177 |   1177 |      0 |    953 |      0 |   1 | 1177.0 |
       Dungeon |   1177 |   1177 |      0 |    953 |      0 |   1 | 1177.0 |
               +--------+--------+--------+--------+--------+-----+--------+

Top non-repeatable levels by time:
       D: 1177 daAuts
